 Dungeon Crawl Stone Soup version 0.13-a0-2538-gc238810 (webtiles) character file.

4314 Psiweapon the Basher (level 10, -16/58 HPs)
             Began as a Gargoyle Fighter on July 28, 2013.
             Demolished by an orc warrior
             ... wielding a cursed -1,+1 orcish hand axe
              (23 damage)
             ... on Level 8 of the Dungeon.
             The game lasted 00:31:44 (7354 turns).

Psiweapon the Basher (Gargoyle Fighter)             Turns: 7354, Time: 00:31:44

HP -16/58        AC 26     Str 23      XL: 10   Next: 15%
MP   9/9         EV  3     Int  9      God:
Gold 551         SH 18     Dex  9      Spells:  0 memorised,  9 levels left

Res.Fire  : . . .   See Invis. : .   s - -1,+1 orc morningstar
Res.Cold  : . . .   Warding    : .   W - +0 orc plate armour
Life Prot.: + . .   Conserve   : .   c - +0 shield
Res.Poison: +       Res.Corr.  : .   H - +0 helmet
Res.Elec. : +       Clarity    : .   b - +0 cloak
Sust.Abil.: . .     Spirit.Shd : .   G - +0 pair of gauntlets
Res.Mut.  : .       Stasis     : .   U - +0 pair of boots
Res.Rott. : +       Flight     : .   (no amulet)
Saprovore : . . .                    q - ring of protection from magic
                                     l - ring of protection from magic

@: very resistant to hostile enchantments, extremely unstealthy
A: fangs 1, talons 2, life protection 1, electricity resistance, slow metabolism
1, unbreathing, petrification resistance, AC +10
a: no special abilities


You were on level 8 of the Dungeon.
You were not hungry.

You visited 2 branches of the dungeon, and saw 9 of its levels.

You collected 531 gold pieces.

Inventory:

Hand weapons
 a - a +0,-1 mace
 p - a +0,+0 great mace
 s - a -1,+1 orcish morningstar (weapon)
 P - a +1,+1 orcish hammer
 R - a cursed +0,+0 quarterstaff
 Y - a +0,+0 spear (quivered)
Missiles
 x - 14 silver darts
Armour
 b - a +0 cloak (worn)
 c - a +0 shield (worn)
 G - a +0 pair of gauntlets (worn)
 H - a +0 helmet (worn)
 U - a +0 pair of boots (worn)
 W - a +0 orcish plate armour (worn)
Magical devices
 L - a wand of fire (0)
 N - a wand of cold (9)
Comestibles
 d - 5 bread rations
 k - 4 meat rations
 t - 2 chunks of worker ant flesh
 A - a choko
 B - a rotting chunk of bat flesh
 Q - an apple
 X - a rotting chunk of kobold flesh
Scrolls
 e - 2 scrolls of remove curse
 f - 4 scrolls of curse armour {unknown}
 g - 2 scrolls of fog {unknown}
 i - 3 scrolls of teleportation {unknown}
 j - 5 scrolls of fear
 o - 5 scrolls of identify
 u - a scroll of blinking {unknown}
 v - a scroll of recharging {unknown}
 w - 2 scrolls of magic mapping {unknown}
 z - 4 scrolls of enchant weapon II {unknown}
 C - a scroll of noise {unknown}
 D - 2 scrolls of curse jewellery {unknown}
 I - 3 scrolls of amnesia {unknown}
 J - 2 scrolls of enchant armour {unknown}
 T - a scroll of curse weapon {unknown}
Jewellery
 l - a ring of protection from magic (left hand)
 q - a ring of protection from magic (right hand)
 y - an uncursed ring of flight
 S - an uncursed ring of protection from cold
Potions
 h - a potion of curing
 m - a potion of magic
 n - a potion of cure mutation {unknown}
 M - a potion of restore abilities {unknown}
 O - a potion of might {unknown}
 V - 2 potions of mutation {unknown}
Books
 K - a book of the Dragon

   Spells                             Type                      Level
   Flight                             Charms/Air                   3
   Cause Fear                         Hexes                        4
   Bolt of Fire                       Conjuration/Fire             6
   Dragon Form                        Transmutation                7
   Summon Dragon                      Summoning                    9
 Z - a book of Power

   Spells                             Type                      Level
   Iskenderun's Mystic Blast          Conjuration                  4
   Venom Bolt                         Conjuration/Poison           5
   Bolt of Magma                      Conjuration/Fire/Earth       5
   Fulminant Prism                    Conjuration/Hexes            5
   Iron Shot                          Conjuration/Earth            6
   Orb of Destruction                 Conjuration                  7
Miscellaneous
 E - a plain deck of changes {the Mercenary}


   Skills:
 + Level 4.4 Fighting
 - Level 14.4 Maces & Flails
 + Level 4.3 Armour
 - Level 3.2 Shields


You had 9 spell levels left.
You didn't know any spells.

Dungeon Overview and Level Annotations

Branches:
Dungeon (8/27)             Temple (1/1) D:5             Orc (0/4) D:8
   Lair: D:8-13

Altars:
Ashenzari
Cheibriados
Elyvilon
Fedhas
Kikubaaqudgha
Makhleb
Nemelex Xobeh
Okawaru
Sif Muna
Trog
Vehumet
Xom
Yredelemnul
Zin
the Shining One


Innate Abilities, Weirdness & Mutations

You are resistant to torment.
You are immune to poison.
Your stone body is very resilient (AC +10).
You have very sharp teeth.
You have razor-sharp toenails.
You resist negative energy.
You are resistant to electric shocks.
You have a slow metabolism.
You can survive without breathing.
You are immune to petrification.


Message History

The orc warrior drinks a potion.
The orc warrior goes berserk!
The orc warrior hits you with an orcish hand axe.
You sock the orc warrior!
The orc warrior is moderately wounded.
The orc warrior hits you with an orcish hand axe!
You block the orc warrior's attack.
You hit the orc warrior.
The orc warrior is moderately wounded.
You block the orc warrior's attack.
You puncture the orc warrior!
The orc warrior is moderately wounded.
The orc warrior hits you but does no damage.
The orc warrior hits you with an orcish hand axe!
There is an open door here.
The orc warrior hits you with an orcish hand axe!
* * * LOW HITPOINT WARNING * * *
Drink which item? (? for menu, Esc to quit)
You feel better. You block the orc warrior's attack.
The orc warrior hits you with an orcish hand axe!
You die...

#...#................
#...#..#########.....
#...#..#########.....
#...#................
##'##...###########.#
#.###<..#...# #.#
#...........###########..
#.......o................
#.######@................
# #.................
####.................
................/.....
#####................
#..######...##### #..#
#...# #..# #...#
#########..######...#


You could see an orc warrior (berserk).

Vanquished Creatures
  The ghost of Chaositek the Scratcher, an average FeTm (D:5)
  Eustachio (D:8)
  Grum (D:7)
  A manticore (D:8)
  3 wolves
  A phantom (D:4)
  3 ice beasts
  An orc warrior (D:8)
  A sky beast (D:5)
  3 ogres (D:4)
  3 centaurs
  Sigmund (D:2)
  Duvessa (D:5)
  2 giant frogs
  2 wargs (D:8)
  Blork the orc (D:8)
  Dowan (D:5)
  2 orc priests (D:8)
  5 crimson imps
  An iron imp (D:8)
  A gnoll shaman (D:4)
  A giant frog skeleton (D:6)
  2 hounds (D:4)
  5 orc wizards
  2 iguanas
  8 worker ants
  Jessica (D:3)
  2 jellies
  2 hound zombies
  A mummy (D:8)
  A worker ant zombie (D:4)
  4 gnolls (D:4)
  9 adders
  A shadow imp (D:8)
  2 giant mites
  3 worms
  An adder skeleton (D:8)
  A grey rat (D:8)
  2 giant eyeballs (D:4)
  8 giant geckos
  An ooze (D:2)
  24 orcs
  3 ball pythons
  4 giant cockroaches
  12 goblins
  12 hobgoblins
  8 jackals
  26 kobolds
  23 bats
  3 giant newts
  A giant spore (D:8)
  A jackal skeleton (D:7)
  An orc skeleton (D:4)
  An orc zombie (D:5)
  9 rats
  4 ballistomycetes (D:8)
  A bush (D:1)
226 creatures vanquished.

Vanquished Creatures (others)
  An orc wizard (D:4)
1 creature vanquished.

Grand Total: 227 creatures vanquished

Notes
Turn   | Place    | Note
--------------------------------------------------------------
     0 | D:1      | Psiweapon, the Gargoyle Fighter, began the quest for the Orb.
     0 | D:1      | Reached XP level 1. HP: 14/14 MP: 0/0
   105 | D:1      | Reached XP level 2. HP: 19/19 MP: 1/1
   613 | D:1      | Reached XP level 3. HP: 22/24 MP: 2/2
   796 | D:2      | Reached skill level 4 in Maces & Flails
   811 | D:2      | Found a white marble altar of Elyvilon.
  1046 | D:2      | Noticed Sigmund
  1050 | D:2      | Reached XP level 4. HP: 28/28 MP: 3/3
  1088 | D:2      | Killed Sigmund
  1088 | D:2      | Reached skill level 5 in Maces & Flails
  1088 | D:2      | Reached XP level 5. HP: 18/33 MP: 4/4
  1542 | D:3      | Reached skill level 6 in Maces & Flails
  1542 | D:3      | Reached XP level 6. HP: 27/38 MP: 5/5
  1789 | D:3      | Found a shimmering altar of Xom.
  1790 | D:3      | Found a shimmering altar of Xom.
  1790 | D:3      | Found a shimmering altar of Xom.
  1790 | D:3      | Found a shimmering altar of Xom.
  1851 | D:3      | Noticed Jessica
  1858 | D:3      | Killed Jessica
  2388 | D:4      | Paralysed by a giant eyeball for 3 turns
  2401 | D:4      | Reached skill level 7 in Maces & Flails
  2648 | D:4      | Reached skill level 8 in Maces & Flails
  2648 | D:4      | Reached XP level 7. HP: 30/42 MP: 6/6
  2662 | D:4      | Paralysed by a giant eyeball for 3 turns
  2936 | D:4      | Found a basalt altar of Yredelemnul.
  2950 | D:4      | Reached skill level 9 in Maces & Flails
  3352 | D:4      | Reached XP level 8. HP: 25/48 MP: 7/7
  3540 | D:4      | Reached skill level 10 in Maces & Flails
  3704 | D:5      | Entered Level 5 of the Dungeon
  3821 | D:5      | Found a sparkling altar of Nemelex Xobeh.
  3884 | D:5      | Found a burning altar of Makhleb.
  3885 | D:5      | Found a radiant altar of Vehumet.
  3984 | D:5      | Noticed Duvessa
  3984 | D:5      | Noticed Dowan
  4008 | D:5      | Killed Duvessa
  4008 | D:5      | Reached skill level 11 in Maces & Flails
  4025 | D:5      | Killed Dowan
  4054 | D:5      | Noticed Chaositek's ghost (average FeTm)
  4087 | D:5      | Killed Chaositek's ghost
  4221 | D:5      | Found a staircase to the Ecumenical Temple.
  4235 | Temple   | Entered the Ecumenical Temple
  4658 | D:6      | Reached skill level 12 in Maces & Flails
  4707 | D:5      | Reached XP level 9. HP: 52/52 MP: 8/8
  6045 | D:8      | Noticed Grum
  6063 | D:7      | Killed Grum
  6063 | D:7      | Reached skill level 13 in Maces & Flails
  6468 | D:8      | Found a staircase to the Orcish Mines.
  6493 | D:8      | Reached skill level 14 in Maces & Flails
  6505 | D:8      | HP: 1/52 [orc/orcish club (4)]
  6664 | D:8      | Reached XP level 10. HP: 23/57 MP: 9/9
  6866 | D:8      | Noticed Eustachio
  6898 | D:8      | Killed Eustachio
  7022 | D:8      | Noticed Blork the orc
  7030 | D:8      | Killed Blork the orc
  7341 | D:8      | Found a bloodstained altar of Trog.
  7342 | D:8      | Found an iron altar of Okawaru.
  7351 | D:8      | HP: 2/58 [orc warrior/orcish hand axe (17)]
  7354 | D:8      | Demolished by an orc warrior

Action                   |  1- 3 |  4- 6 |  7- 9 | 10-12 || total
-------------------------+-------+-------+-------+-------++-------
Melee: Mace              |   164 |   117 |   569 |     4 ||   854
       Morningstar       |       |       |     7 |    69 ||    76
Throw: Spear             |     3 |     2 |     2 |     2 ||     9
       Dart              |       |     1 |     9 |       ||    10
Evoke: Wand              |       |       |     9 |     1 ||    10
  Use: Potion            |       |     2 |     8 |     1 ||    11
       Scroll            |       |       |     5 |     3 ||     8
